 Dungeon Crawl Stone Soup version 0.21.0-25-ge575cb9 (webtiles) character file.

581 tidbits the Charmwright (level 7, -5/56 HPs)
             Began as a Gnoll Skald on Jan 25, 2018.
             Slain by a bullfrog (6 damage)
             ... on level 7 of the Dungeon.
             The game lasted 00:09:54 (747 turns).

tidbits the Charmwright (Gnoll Skald)                Turns: 747, Time: 00:09:54

Health: -5/56      AC:  4    Str: 13    XL:     7   Next: 36%
Magic:  11/15      EV: 14    Int: 18    God:
Gold:   92         SH:  0    Dex: 14    Spells: 6/17 levels left

rFire    . . .     SeeInvis .   j - +3 dagger (venom)
rCold    . . .     Gourm    .   (no shield)
rNeg     . . .     Faith    .   b - +0 leather armour
rPois    .         Spirit   .   E - +0 helmet
rElec    .         Reflect  .   (no cloak)
rCorr    .         Harm     .   (no gloves)
MR       .....                  (no boots)
Stlth    +++.......             (no amulet)
HPRegen  0.18/turn              W - ring of wizardry
MPRegen  0.14/turn              g - ring of stealth

@: hasted, very quick
A: distributed training, fangs 1, strong nose
a: no special abilities


You were on level 7 of the Dungeon.
You were hungry.

You visited 1 branch of the dungeon, and saw 7 of its levels.

You collected 92 gold pieces.

Inventory:

Hand Weapons
 a - a +0 hand axe
 d - a +0 dagger
 f - a +2 rapier of speed
   (You found it on level 5 of the Dungeon)
 j - a +3 dagger of venom (weapon)
   (You took it off Dowan on level 6 of the Dungeon)
Armour
 b - a +0 leather armour (worn)
 E - a +0 helmet (worn)
Jewellery
 g - a ring of stealth (right hand)
   (You found it on level 2 of the Dungeon)
 W - a ring of wizardry (left hand)
   (You found it on level 1 of the Dungeon)
Wands
 n - a wand of iceblast (8)
Scrolls
 e - 3 scrolls of teleportation
 i - a scroll of identify {unknown}
 l - a scroll of immolation {unknown}
 o - 3 scrolls of enchant weapon
Books
 c - a book of Battle

   Spells                             Type                      Level
   a - Infusion                       Charms                       1
   b - Shroud of Golubria             Charms/Translocation         2
   c - Song of Slaying                Charms                       2
   d - Spectral Weapon                Hexes/Charms                 3
   e - Regeneration                   Charms/Necromancy            3
Comestibles
 k - 3 rations


   Skills:
 + Level 5.2 Fighting
 + Level 2.4 Short Blades
 + Level 2.4 Long Blades
 + Level 5.2 Axes
 + Level 2.4 Maces & Flails
 + Level 2.4 Polearms
 + Level 2.4 Staves
 + Level 2.4 Slings
 + Level 2.4 Bows
 + Level 2.4 Crossbows
 + Level 2.4 Throwing
 + Level 3.5 Armour
 + Level 5.2 Dodging
 + Level 2.4 Stealth
 + Level 2.4 Shields
 + Level 2.4 Unarmed Combat
 + Level 5.6 Spellcasting
 + Level 2.0 Conjurations
 + Level 2.0 Hexes
 + Level 5.8 Charms
 + Level 2.0 Summonings
 + Level 2.0 Necromancy
 + Level 2.0 Translocations
 + Level 2.0 Transmutations
 + Level 2.0 Fire Magic
 + Level 2.0 Ice Magic
 + Level 2.0 Air Magic
 + Level 2.0 Earth Magic
 + Level 2.0 Poison Magic
 + Level 2.6 Invocations
 + Level 2.4 Evocations


You had 6 spell levels left.
You knew the following spells:

 Your Spells              Type           Power        Failure   Level  Hunger
g - Shroud of Golubria    Chrm/Tloc      ###.......   1%          2    None
i - Infusion              Chrm           ####         1%          1    None
r - Regeneration          Chrm/Necr      ###.......   3%          3    ##.....
w - Spectral Weapon       Hex/Chrm       ###.....     3%          3    ##.....
y - Song of Slaying       Chrm           ####....     1%          2    None


Dungeon Overview and Level Annotations

Branches:
Dungeon (7/15)
 Temple: D:4-7

Altars:
Okawaru
Uskayaw
Yredelemnul

Shops:
D:4 =(

Annotations:
D:6 exclusions: downstairs, orc and wight


Innate Abilities, Weirdness & Mutations

Your experience applies equally to all skills.
You have very sharp teeth.
Your uncanny sense of smell can sniff out nearby items.


Message History

The human is poisoned.
The human misses you. The human hits you with a long sword.
* * * LOW HITPOINT WARNING * * *
The human barely misses your spectral weapon.
You swap places.
Casting: Spectral Weapon
Confirm with . or Enter, or press ? or * to list all spells.
Your skin crawls.
You closely miss the human. You bite the human.
The human is moderately wounded.
Your spectral weapon hits the human.
Unknown command.
You closely miss the human.
The human is moderately wounded.
Your spectral weapon closely misses the human.
The human completely misses you.
You barely miss the human. You bite the human, but do no damage.
The human is heavily wounded.
Your skin is crawling a little less now.
Your spectral weapon hits the human but does no damage.
The human looks even sicker.
You hit the human but do no damage.
The human is heavily wounded.
Your spectral weapon hits the human but does no damage.
The human hits you with a long sword!
* * * LOW HITPOINT WARNING * * *
You hit the human but do no damage.
The human looks as sick as possible!
The human is heavily wounded.
Your spectral weapon closely misses the human.
The human closely misses your spectral weapon.
You barely miss the human.
The human is heavily wounded.
Your spectral weapon barely misses the human.
You hit the human but do no damage.
The human is severely wounded.
You are feeling hungry.
Your spectral weapon hits the human but does no damage.
The human closely misses you.
You aren't carrying any potions.
Unknown command.
You barely miss the human.
The human is severely wounded.
Your spectral weapon closely misses the human.
The bullfrog hits you.
* * * LOW HITPOINT WARNING * * *
You closely miss the human.
The human is severely wounded.
Your spectral weapon hits the human.
The human looks as sick as possible!
The bullfrog misses you. The human closely misses you.
You closely miss the human.
The human is severely wounded.
Your spectral weapon barely misses the human.
The bullfrog hits you.
* * * LOW HITPOINT WARNING * * *
You hit the human.
The human looks as sick as possible!
You bite the human, but do no damage.
The human is severely wounded.
Your spectral weapon hits the human but does no damage.
The bullfrog hits you.
* * * LOW HITPOINT WARNING * * *
The human hits your spectral weapon with a long sword.
Your spectral weapon shares its damage with you!
* * * LOW HITPOINT WARNING * * *
You strike the helpless human from behind!
You puncture the human!
You kill the human!
Your Fighting skill increases to level 5!
Your Short Blades skill increases to level 2!
Your Long Blades skill increases to level 2!
Your Axes skill increases to level 5!
Your Maces & Flails skill increases to level 2!
Your Polearms skill increases to level 2!
Your Staves skill increases to level 2!
Your Slings skill increases to level 2!
Your Bows skill increases to level 2!
Your Crossbows skill increases to level 2!
Your Throwing skill increases to level 2!
Your Dodging skill increases to level 5!
Your Stealth skill increases to level 2!
Your Shields skill increases to level 2!
Your Unarmed Combat skill increases to level 2!
Your Evocations skill increases to level 2!
You have reached level 7!
Your skin stops crawling.
The bullfrog hits you but does no damage.
You hit the human but do no damage.
The human looks as sick as possible!
The human is almost dead.
You kill the human!
Your Conjurations skill increases to level 2!
Your Hexes skill increases to level 2!
Your Summonings skill increases to level 2!
Your Necromancy skill increases to level 2!
Your Translocations skill increases to level 2!
Your Transmutations skill increases to level 2!
Your Fire Magic skill increases to level 2!
Your Ice Magic skill increases to level 2!
Your Air Magic skill increases to level 2!
Your Earth Magic skill increases to level 2!
Your Poison Magic skill increases to level 2!
The bullfrog hits you.
You die...

..##.# ### #....
..#.. #.O#####
..#..###.......
#.#_.....#
#.#.p###.# #.#..
#.#####.#
#.######)#.....#
#......F@(.#
##...##....#.....
#...###.#### ....
####.##.....# ...
#....##.(...# ..
#.#####.....# .
#.# ####### ###.#
#...#


You could see an ogre (wandering), a bullfrog and a friendly spectral dagger of
venom.

Vanquished Creatures
  2 humans (D:7)
  Duvessa (D:6)
  Dowan (D:6)
  A scorpion (D:7)
  2 orc wizards (D:4)
  A gnoll (D:2)
  An adder (D:2)
  An ooze (D:6)
  2 worms (D:2)
  A dart slug (D:2)
  3 leopard geckos
  3 orcs (D:4)
  A bat skeleton (D:2)
  A bat zombie (D:2)
  2 giant cockroaches
  3 goblins
  3 hobgoblins
  2 jackals (D:7)
  A ball python skeleton (D:2)
  3 frilled lizards
  A kobold (D:1)
  2 leopard gecko skeletons
  2 leopard gecko zombies (D:2)
  5 rats
45 creatures vanquished.

Notes
Turn   | Place    | Note
-------+----------+-------------------------------------------
     0 | D:1      | tidbits the Gnoll Skald began the quest for the Orb.
     0 | D:1      | Reached XP level 1. HP: 20/20 MP: 6/6
    69 | D:2      | Found a basalt altar of Yredelemnul.
    85 | D:1      | Reached XP level 2. HP: 21/26 MP: 2/7
   186 | D:2      | Found a hide-covered altar of Uskayaw.
   187 | D:2      | Noticed a dagger
   187 | D:2      | Noticed a hand axe
   228 | D:2      | Learned a level 2 spell: Song of Slaying
   231 | D:2      | Learned a level 2 spell: Shroud of Golubria
   271 | D:2      | Reached skill level 5 in Spellcasting
   271 | D:2      | Reached XP level 3. HP: 26/31 MP: 2/9
   276 | D:2      | Learned a level 3 spell: Regeneration
   280 | D:2      | Learned a level 3 spell: Spectral Weapon
   293 | D:2      | Reached skill level 1 in Invocations
   305 | D:2      | Noticed a centaur
   323 | D:2      | Reached skill level 1 in Short Blades
   323 | D:2      | Reached skill level 1 in Long Blades
   323 | D:2      | Reached skill level 1 in Maces & Flails
   323 | D:2      | Reached skill level 1 in Polearms
   323 | D:2      | Reached skill level 1 in Staves
   323 | D:2      | Reached skill level 1 in Slings
   323 | D:2      | Reached skill level 1 in Bows
   323 | D:2      | Reached skill level 1 in Crossbows
   323 | D:2      | Reached skill level 1 in Throwing
   323 | D:2      | Reached skill level 1 in Stealth
   323 | D:2      | Reached skill level 1 in Shields
   323 | D:2      | Reached skill level 1 in Unarmed Combat
   323 | D:2      | Reached skill level 1 in Evocations
   376 | D:4      | Found Pibeacad's Jewellery Emporium.
   383 | D:4      | Found Joeskob's Weapon Boutique.
   390 | D:4      | Reached XP level 4. HP: 28/38 MP: 6/11
   408 | D:4      | Reached skill level 1 in Conjurations
   408 | D:4      | Reached skill level 1 in Hexes
   408 | D:4      | Reached skill level 1 in Summonings
   408 | D:4      | Reached skill level 1 in Necromancy
   408 | D:4      | Reached skill level 1 in Translocations
   408 | D:4      | Reached skill level 1 in Transmutations
   408 | D:4      | Reached skill level 1 in Fire Magic
   408 | D:4      | Reached skill level 1 in Ice Magic
   408 | D:4      | Reached skill level 1 in Air Magic
   408 | D:4      | Reached skill level 1 in Earth Magic
   408 | D:4      | Reached skill level 1 in Poison Magic
   421 | D:4      | Reached XP level 5. HP: 12/43 MP: 3/12
   454 | D:5      | Entered Level 5 of the Dungeon
   489 | D:6      | Noticed Dowan
   491 | D:6      | Noticed Duvessa
   508 | D:6      | Killed Duvessa
   508 | D:6      | Reached skill level 3 in Armour
   511 | D:6      | Killed Dowan
   511 | D:6      | Reached skill level 2 in Invocations
   511 | D:6      | Reached XP level 6. HP: 27/50 MP: 6/13
   713 | D:7      | Found an iron altar of Okawaru.
   715 | D:7      | Noticed a human
   715 | D:7      | Noticed a human
   745 | D:7      | HP: 2/50 [bullfrog (5)]
   746 | D:7      | Killed a human
   746 | D:7      | Reached skill level 5 in Fighting
   746 | D:7      | Reached skill level 2 in Short Blades
   746 | D:7      | Reached skill level 2 in Long Blades
   746 | D:7      | Reached skill level 5 in Axes
   746 | D:7      | Reached skill level 2 in Maces & Flails
   746 | D:7      | Reached skill level 2 in Polearms
   746 | D:7      | Reached skill level 2 in Staves
   746 | D:7      | Reached skill level 2 in Slings
   746 | D:7      | Reached skill level 2 in Bows
   746 | D:7      | Reached skill level 2 in Crossbows
   746 | D:7      | Reached skill level 2 in Throwing
   746 | D:7      | Reached skill level 5 in Dodging
   746 | D:7      | Reached skill level 2 in Stealth
   746 | D:7      | Reached skill level 2 in Shields
   746 | D:7      | Reached skill level 2 in Unarmed Combat
   746 | D:7      | Reached skill level 2 in Evocations
   746 | D:7      | Reached XP level 7. HP: 1/56 MP: 10/15
   747 | D:7      | Killed a human
   747 | D:7      | Reached skill level 2 in Conjurations
   747 | D:7      | Reached skill level 2 in Hexes
   747 | D:7      | Reached skill level 2 in Summonings
   747 | D:7      | Reached skill level 2 in Necromancy
   747 | D:7      | Reached skill level 2 in Translocations
   747 | D:7      | Reached skill level 2 in Transmutations
   747 | D:7      | Reached skill level 2 in Fire Magic
   747 | D:7      | Reached skill level 2 in Ice Magic
   747 | D:7      | Reached skill level 2 in Air Magic
   747 | D:7      | Reached skill level 2 in Earth Magic
   747 | D:7      | Reached skill level 2 in Poison Magic
   747 | D:7      | Slain by a bullfrog

Skill      XL: |  1  2  3  4  5  6  7 |
---------------+----------------------+-----
Spellcasting   | 5 |  5.6
Invocations    | 1 2 |  2.6
Short Blades   | 1 2 |  2.4
Long Blades    | 1 2 |  2.4
Maces & Flails | 1 2 |  2.4
Polearms       | 1 2 |  2.4
Staves         | 1 2 |  2.4
Slings         | 1 2 |  2.4
Bows           | 1 2 |  2.4
Crossbows      | 1 2 |  2.4
Throwing       | 1 2 |  2.4
Stealth        | 1 2 |  2.4
Shields        | 1 2 |  2.4
Unarmed Combat | 1 2 |  2.4
Evocations     | 1 2 |  2.4
Conjurations   | 1 2 |  2.0
Hexes          | 1 2 |  2.0
Summonings     | 1 2 |  2.0
Necromancy     | 1 2 |  2.0
Translocations | 1 2 |  2.0
Transmutations | 1 2 |  2.0
Fire Magic     | 1 2 |  2.0
Ice Magic      | 1 2 |  2.0
Air Magic      | 1 2 |  2.0
Earth Magic    | 1 2 |  2.0
Poison Magic   | 1 2 |  2.0
Armour         | 3 |  3.5
Fighting       | 5 |  5.2
Axes           | 5 |  5.2
Dodging        | 5 |  5.2
Charms         | |  5.8

Action                   |  1- 3 |  4- 6 |  7- 9 || total
-------------------------+-------+-------+-------++-------
Melee: Hand axe          |    73 |    15 |       ||    88
       Bite              |     6 |    10 |       ||    16
       Rapier            |       |    29 |       ||    29
       Dagger            |       |    22 |     1 ||    23
 Cast: Infusion          |     6 |       |       ||     6
       Shroud of Golubri |     2 |       |       ||     2
       Spectral Weapon   |     3 |     4 |       ||     7
       Regeneration      |       |     4 |       ||     4
  Use: Scroll            |     1 |     2 |       ||     3
       Potion            |       |     4 |       ||     4
 Stab: Sleeping          |       |     4 |       ||     4
       Invisible         |       |     1 |       ||     1
       Distracted        |       |     2 |       ||     2
Armor: Leather armour    |    16 |     4 |     1 ||    21
Dodge: Dodged            |    67 |    39 |       ||   106

Table legend:
 A = Turns spent in this place as a percentage of turns spent in the entire game.
 B = Non-inter-level travel turns spent in this place as a percentage of non-inter-level travel turns spent in the entire game.
 C = Inter-level travel turns spent in this place as a percentage of turns spent in this place.
 D = Turns resting spent in this place as a percentage of non-inter-level travel turns spent in this place.
 E = Turns spent auto-exploring this place as a percentage of non-inter-level travel turns spent in this place.
 F = Non-inter-level travel turns spent in this place divided by the number of levels of this place that you've seen.
                   A       B       C       D       E      F
               +-------+-------+-------+-------+-------+----------------------
         Total | 100.0 | 100.0 |   0.0 |   0.0 |   0.0 | 106.7
       Dungeon | 100.0 | 100.0 |   0.0 |   0.0 |   0.0 | 106.7
               +-------+-------+-------+-------+-------+----------------------

Table legend:
 A = Kills in this place as a percentage of kills in entire the game.
 B = Kills by you in this place as a percentage of kills by you in the entire game.
 C = Kills by friends in this place as a percentage of kills by friends in the entire game.
 D = Other kills in this place as a percentage of other kills in the entire game.
 E = Experience gained in this place as a percentage of experience gained in the entire game.
 F = Experience gained in this place divided by the number of levels of this place that you have seen.
                   A       B       C       D       E      F
               +-------+-------+-------+-------+-------+----------------------
         Total | 100.0 | 100.0 |   N/A |   N/A | 100.0 | 118.6
       Dungeon | 100.0 | 100.0 |   N/A |   N/A | 100.0 | 118.6
               +-------+-------+-------+-------+-------+----------------------

Vault maps used:
D:1:      minmay_arrival_three_doors, minmay_domino_4
D:2:      dancing_weapons_uskayaw, lemuel_crystal_altar, old_standard_altar,
          lemuel_coloured_pillars_altar, serial_undead, serial_undead_c,
          serial_undead_b, serial_undead_a, serial_undead_f, serial_undead_a,
          serial_undead_c, serial_undead_e
D:3:      lightli_temple_of_fire, vehumet_crystals, first_ration,
          feat_on_display
D:4:      grunt_temple_overflow_open, serial_shops, shop, shop, shop, shop,
          shop, kennysheep_generic_room_2
D:5:      minmay_temple_entry_butterflies
D:6:      grunt_decor_mini_mirrors, uniq_duvessa, uniq_eustachio
D:7:      okawaru_humans, basic_altar, grunt_livestock
